 Dungeon Crawl Stone Soup version 0.13-a0-3140-gbdcfb35 (webtiles) character file.

172 BlackAndWhite the Charmwright (level 3, 26/26 HPs)
             Began as a Human Skald on Sept 22, 2013.
             Quit the game on Level 2 of the Dungeon on Nov 15, 2013.
             The game lasted 00:04:25 (1485 turns).

BlackAndWhite the Charmwright (Human Skald)         Turns: 1485, Time: 00:04:25

HP  26/26        AC  3     Str 13      XL: 3   Next: 12%
MP   6/6         EV 10     Int 12      God:
Gold 149         SH  0     Dex 12      Spells:  3 memorised,  1 level left

Res.Fire  : . . .   See Invis. : .   a - +0 falchion
Res.Cold  : . . .   Warding    : .   b - +0 leather armour
Life Prot.: . . .   Conserve   : .   (no shield)
Res.Poison: .       Res.Corr.  : .   (no helmet)
Res.Elec. : .       Clarity    : .   (no cloak)
Sust.Abil.: . .     Spirit.Shd : .   (no gloves)
Res.Mut.  : .       Stasis     : .   (no boots)
Res.Rott. : .       Flight     : .   (no amulet)
Saprovore : . . .                    (no ring)
                                     (no ring)

@: not resistant to hostile enchantments, very unstealthy
A: no striking features
a: no special abilities


You were on level 2 of the Dungeon.
You were near starving.

You visited 1 branch of the dungeon, and saw 2 of its levels.

You collected 129 gold pieces.

Inventory:

Hand weapons
 a - a +0,+0 falchion (weapon)
Armour
 b - a +0 leather armour (worn)
 m - a +0 ring mail
Comestibles
 d - 2 bread rations
 n - a pear
Scrolls
 f - 3 scrolls of identify {unknown}
 g - 3 scrolls of magic mapping {unknown}
 h - a scroll of enchant armour {unknown}
 k - a scroll of curse jewellery {unknown}
 l - a scroll of enchant weapon I {unknown}
 o - a scroll of amnesia {unknown}
 p - a scroll of fear {unknown}
 q - a scroll of recharging {unknown}
 r - a scroll of curse weapon {unknown}
 s - a scroll of remove curse {unknown}
Potions
 e - 6 potions of curing {unknown}
 i - a potion of heal wounds {unknown}
 j - a potion of speed {unknown}
Books
 c - a book of Battle

   Spells                             Type                      Level
   *Infusion                          Charms                       1
   *Shroud of Golubria                Charms/Translocation         2
   *Song of Slaying                   Charms                       2
   Spectral Weapon                    Hexes/Charms                 3
   Regeneration                       Charms/Necromancy            3
   Song of Shielding                  Charms                       4


   Skills:
 - Level 2.2 Fighting
 * Level 2.2 Long Blades
 - Level 1.4 Armour
 - Level 1.3 Dodging
 + Level 2.3 Spellcasting
 + Level 3.0 Charms


You had one spell level left.
You knew the following spells:

 Your Spells              Type           Power        Failure   Level  Hunger
a - Infusion              Chrm           #.....       10%         1    ##.....
b - Song of Slaying       Chrm           #.........   12%         2    ###....
c - Shroud of Golubria    Chrm/Tloc      #.........   21%         2    ###....


Dungeon Overview and Level Annotations

Branches:
Dungeon (2/27)

Altars:
Ashenzari


Message History

You see here 9 stones.
Key pressed, stopping explore.
There is an open door here.
Key pressed, stopping explore.
Things that are here:
a hobgoblin skeleton; a club Done exploring.
Done exploring.
Done exploring.
Done exploring.
Done exploring.
Done exploring.
Things that are here:
a hobgoblin skeleton; a club
There is an open door here.
A giant newt comes into view.
You can't go up here!
Unknown command.
Unknown command.
Are you sure you want to abandon this character and quit the game? (Confirm with "yes".)

####.## #........# ######.###
......# #........# ####%######
......# #........# #..........
......# #........# #..........
......# ########## #..........
......## #.......... ###....#
####.###### #_#....#
##########....# #+#....#
#..@.....'....# #.######
#l########....# ......# #.#
##.#.# ####.## #.# #.#.#
####.#########.#########.#'######
..............>..................
####.###################.........
......# #......... ..<...#
#.........


You could see a giant newt (wandering).

Vanquished Creatures
  2 oozes
  5 bats
  A giant cockroach (D:2)
  2 goblins (D:1)
  3 hobgoblins (D:2)
  A kobold (D:1)
  A quokka (D:2)
  2 giant newts
  3 rats (D:1)
20 creatures vanquished.

Notes
Turn   | Place    | Note
--------------------------------------------------------------
     0 | D:1      | BlackAndWhite, the Human Skald, began the quest for the Orb.
     0 | D:1      | Reached XP level 1. HP: 15/15 MP: 3/3
   280 | D:1      | Reached XP level 2. HP: 18/21 MP: 5/5
   604 | D:2      | Found a shattered altar of Ashenzari.
  1017 | D:2      | Reached XP level 3. HP: 21/26 MP: 6/6
  1208 | D:2      | Learned a level 2 spell: Song of Slaying
  1211 | D:2      | Learned a level 2 spell: Shroud of Golubria
  1485 | D:2      | Quit the game

Action                   || total
-------------------------++-------
Melee: Falchion          ||    76
